 Dungeon Crawl Stone Soup version 0.27-a0-1434-g6f15984924 (webtiles) character file.

Game seed: 14797886703738758494

154 dickylongcocking the Slasher (level 5, -3/39 HPs)
             Began as a Djinni Wanderer on July 3, 2021.
             Slain by an orc (5 damage)
             ... on level 4 of the Dungeon.
             The game lasted 00:02:47 (3029 turns).

dickylongcocking the Slasher (Djinni Wanderer)      Turns: 3029, Time: 00:02:47

Health: -3/39      AC:  6    Str: 13    XL:     5   Next: 63%
Gold:   81         EV:  9    Int: 13    God:
                   SH:  0    Dex: 12

rFire    + + .     SeeInvis .   a - +2 falchion
rCold    x . .     Faith    .   (no shield)
rNeg     . . .     Spirit   .   d - +0 scale mail
rPois    ∞         Reflect  .   (no helmet)
rElec    .         Harm     .   (no cloak)
rCorr    .         Rampage  .   (no gloves)
Will     .....                  (boots unavailable)
Stlth    ..........             (no amulet)
HPRegen  0.13/turn              (no ring)
MPRegen  0.00/turn              (no ring)

@: flying
A: sickness immunity, fire resistance 2, cold vulnerability 1, float, innate
caster, hp casting, extra vitality 1
a: no special abilities


You were on level 4 of the Dungeon.
You visited 1 branch of the dungeon, and saw 4 of its levels.

You collected 120 gold pieces.
You spent 39 gold pieces at shops.

Inventory:

Hand Weapons
 a - a +2 falchion (weapon)
Armour
 b - a +0 robe
 d - a +0 scale mail (worn)
Jewellery
 h - a +4 ring of evasion
Wands
 i - a wand of polymorph (9)
Scrolls
 c - 4 scrolls of identify
 e - a scroll of enchant armour
 g - a scroll of magic mapping


   Skills:
 * Level 2.3 Fighting
 * Level 4.2 Long Blades
 - Level 1.0 Throwing
 + Level 3.0 Armour
 - Level 1.1 Dodging
 - Level 1.0 Stealth
 * Level 0.5 Spellcasting
 - Level 1.0 Evocations


You couldn't memorise any spells.
You knew the following spells:

 Your Spells              Type           Power      Damage    Failure   Level
a - Foxfire               Conj/Fire      4%         2x1d4     73%         1
b - Conjure Flame         Conj/Fire      1%         6-21      97%         3
c - Mephitic Cloud        Conj/Pois/Air  1%         N/A       97%         3
d - Sting                 Tmut/Pois      4%         1d3       73%         1
e - Sandblast             Erth           2%         2d4       73%         1
p - Poisonous Vapours     Pois/Air       2%         N/A       86%         2

Your spell library contained the following spells:

 Spells                   Type           Power      Damage    Failure   Level


Dungeon Overview and Level Annotations

Branches:
Dungeon (4/15)
 Temple: D:4-7

Altars:
Kikubaaqudgha
Qazlal
Ru
Uskayaw
Zin

Shops:
D:1 (   D:2 ?   D:3 *


Innate Abilities, Weirdness & Mutations

You are immune to sickness and miasma.
You are immune to poison.
Your flesh is very heat resistant. (rF++)
You are vulnerable to cold. (rC-)
You float through the air rather than walking.
You learn spells naturally, not from books.
Your magical power is your life essence.
You have superior vitality. (+4 HP)


Message History

Your surroundings seem slightly different.
Unknown command.
You reach down and open the door.
A hobgoblin comes into view.
The hobgoblin shouts!
There is an open door here.
You reach down and close the door.
The hobgoblin hits you but does no damage.
You hit the hobgoblin.
The hobgoblin is heavily wounded.
The hobgoblin hits you but does no damage.
Something unseen opens the door.
You hit the hobgoblin but do no damage.
The hobgoblin is heavily wounded.
The hobgoblin barely misses you. The hobgoblin hits you.
* * * LOW HITPOINT WARNING * * *
You barely miss the hobgoblin.
The hobgoblin is heavily wounded.
The hobgoblin hits you but does no damage.
Unknown command.
As you read the scroll labelled ARIXTU MOIST, it crumbles to dust.
It is a scroll of identify.
e - a scroll of enchant armour Something hits you but does no damage.
The hobgoblin hits you but does no damage.
As you read the scroll labelled WUBOAR YMEMARY, it crumbles to dust.
You feel aware of your surroundings.
It was a scroll of magic mapping.
Something hits you.
* * * LOW HITPOINT WARNING * * *
The hobgoblin hits you.
* * * LOW HITPOINT WARNING * * *
Unknown command.
Unknown command.
The hobgoblin hits you but does no damage.
Unknown command.
The hobgoblin misses you.
You reach down and open the door.
Something hits you.
* * * LOW HITPOINT WARNING * * *
The orc hits you with a +0 flail.
You die...

,,#.........#.....#######.#######
###.........#....................
............#............#.......
.........>..#............#.......
............#............#.†.....
............###########'##.......
...##'###'####...#...............
...#...#....#....'...............
...#...#....#...@#........##+####
...#.[.#....#..o{#........+..(...
...#...#....#..og#........#......
...#...#....#.o..#........#......
.(.+...#....#..o.#........#......
...##+########o###........#......
....................)######......
.........o..........))...#.......
........oo...........#...#.......


You could see 5 orcs and a hobgoblin.

Vanquished Creatures
  An orc priest (D:4)
  A hound zombie (D:3)
  2 adders (D:2)
  2 worms (D:2)
  4 dart slugs
  3 orcs (D:4)
  2 ball pythons
  6 bats
  5 endoplasms
  5 giant cockroaches
  7 goblins
  11 hobgoblins
  7 jackals
  4 kobolds
  3 frilled lizards
  5 rats
68 creatures vanquished.

Vanquished Creatures (others)
  2 foxfires (D:1)
2 creatures vanquished.

Grand Total: 70 creatures vanquished

Notes
Turn   | Place    | Note
-------+----------+-------------------------------------------
     0 | D:1      | dickylongcocking the Djinni Wanderer began the quest for
                  | the Orb.
     0 | D:1      | Reached XP level 1. HP: 18/18 MP: 0/0
   205 | D:1      | Found Vyrymuh's Antique Weapon Shoppe.
   293 | D:1      | Reached XP level 2. HP: 16/23 MP: 0/0
   302 | D:1      | Reached skill level 2 in Long Blades
   604 | D:1      | Reached XP level 3. HP: 28/28 MP: 0/0
   604 | D:1      | Learned a level 1 spell: Sandblast
   905 | D:1      | You are sucked into a shaft and drop 1 floor!
   948 | D:2      | Reached skill level 3 in Long Blades
  1137 | D:2      | Found Xayted's Magic Scroll Emporium.
  1145 | D:2      | Bought a scroll of teleportation for 39 gold pieces
  1353 | D:2      | Reached XP level 4. HP: 11/33 MP: 0/0
  1772 | D:2      | Found a faded altar of an unknown god.
  2188 | D:3      | Reached skill level 4 in Long Blades
  2242 | D:3      | Found Uphynnuz's General Store.
  2254 | D:3      | Reached XP level 5. HP: 36/38 MP: 0/0
  2254 | D:3      | Learned a level 2 spell: Poisonous Vapours
  2646 | D:4      | Found a glowing silver altar of Zin.
  2671 | D:4      | Found a stormy altar of Qazlal.
  2671 | D:4      | Found a sacrificial altar of Ru.
  2695 | D:4      | Found a hide-covered altar of Uskayaw.
  3029 | D:4      | Slain by an orc

Illustrated notes

Levels and vault maps discovered:
D:1:      minmay_arrival_nine_rooms, layout_basic, serial_shops, shop,
          minmay_quantized
D:2:      layout_basic, serial_shops, nicolae_diamond_shop,
          ebering_ecumenical_altar_ruins, st_stairs_11
D:3:      layout_rooms, serial_shops, shop
D:4:      layout_gridville, nicolae_overflow_hidden_temple

Skill      XL: |  1  2  3  4 |
---------------+-------------+-----
Long Blades    | 2 3 4 |  4.2
Fighting       | |  2.3
Throwing       | |  1.0
Armour         | |  3.0
Dodging        | |  1.1
Stealth        | |  1.0
Spellcasting   | |  0.5
Evocations     | |  1.0

Action                   |  1- 3 |  4- 6 || total
-------------------------+-------+-------++-------
Melee: Falchion          |   123 |   125 ||   248
 Cast: Foxfire           |     2 |       ||     2
  Use: Scroll            |       |     3 ||     3
       Potion            |       |     2 ||     2
Armor: Scale mail        |    65 |    81 ||   146
       Robe              |     1 |       ||     1
Dodge: Dodged            |    72 |    77 ||   149
       Rpst.: Falchion   |    24 |    31 ||    55

Table legend: (Time is in decaauts)
 A = Elapsed time spent in this place.
 B = Non-inter-level travel time spent in this place.
 C = Inter-level travel time spent in this place.
 D = Time resting spent in this place.
 E = Time spent auto-exploring this place.
 F = Levels seen in this place.
 G = Mean time per level.
                   A        B        C        D        E       F      G
               +--------+--------+--------+--------+--------+-----+--------+
         Total |   3062 |   3032 |     30 |    266 |   2275 |   4 |  765.5 |
       Dungeon |   3062 |   3032 |     30 |    266 |   2275 |   4 |  765.5 |
               +--------+--------+--------+--------+--------+-----+--------+

Top non-repeatable levels by time:
     D:2: 1245 daAuts
     D:1: 920 daAuts
     D:3: 459 daAuts
     D:4: 437 daAuts
